 Dungeon Crawl Stone Soup version 0.28.0-53-g5a82cb258f (webtiles) character file.

Game seed: 10428139799879569491

166 buhh the Vandal (level 5, 0/42 HPs)
             Began as a Formicid Hunter on June 21, 2022.
             Slain by a killer bee (5 damage)
             ... on level 7 of the Dungeon.
             The game lasted 00:04:48 (3980 turns).

buhh the Vandal (Formicid Hunter)                   Turns: 3980, Time: 00:04:48

Health: 0/42       AC:  3    Str: 16    XL:     5   Next: 76%
Magic:  5/5        EV: 12    Int: 11    God:
Gold:   123        SH:  0    Dex: 13    Spells: 4/4 levels left

rFire   . . .      SeeInvis +   a - +1 hunting sling
rCold   . . .      Faith    .   (no shield)
rNeg    . . .      Spirit   .   f - +0 leather armour
rPois   .          Reflect  .   (helmet unavailable)
rElec   .          Harm     .   (no cloak)
rCorr   .          Rampage  .   (no gloves)
Will    .....                   (no boots)
Stlth   ++........              (no amulet)
HPRegen 0.14/turn               (no ring)
MPRegen 0.09/turn               (no ring)

@: lethally poisoned (0 -> -7), weak-willed
A: permanent stasis, dig shafts and tunnels, antennae 3, four strong arms
a: Dig, Shaft Self


You were on level 7 of the Dungeon.
You visited 1 branch of the dungeon, and saw 5 of its levels.

You collected 123 gold pieces.

Inventory:

Hand Weapons
 a - a +1 hunting sling (weapon)
 b - a +0 great sword
 n - a +0 short sword
Missiles
 d - 45 sling bullets
 e - 104 stones (quivered ammo)
 i - 5 poisoned darts
 G - 6 javelins
Armour
 f - a +0 leather armour (worn)
Scrolls
 c - a scroll of blinking {!d}
Potions
 j - a potion of haste {unknown}
 k - a potion of flight


   Skills:
 + Level 4.2 Fighting
 + Level 5.8 Slings
 - Level 2.0 Dodging
 - Level 2.3 Stealth


You had 4 spell levels left.
You didn't know any spells.
Your spell library contained the following spells:

 Spells                   Type           Power      Damage    Failure   Level
 Summon Guardian Golem    Hex/Summ       0%         N/A       78%         3
 Orb of Destruction       Conj           0%         9d5       100%        7
 Spellforged Servitor     Conj/Summ      0%         N/A       100%        7


Dungeon Overview and Level Annotations

Branches:
Dungeon (4/15)
 Temple: D:4-7

Altars:
Ashenzari


Innate Abilities, Weirdness & Mutations

You cannot be hasted, slowed, berserked, paralysed or teleported.
You can dig through walls and to a lower floor.
You have a pair of large antennae on your head. (SInv)
Your four strong arms can wield two-handed weapons with a shield.


Message History

You shoot a stone. The stone hits the killer bee!
The killer bee is heavily wounded.
You feel sick.
The killer bee stings you but does no damage.
A killer bee comes into view.
The killer bee closely misses you.
You shoot a stone.
The stone closely misses the killer bee. x3
You feel sick. The killer bee stings you.
You are more poisoned.
The killer bee poisons you! The killer bee stings you.
You shoot a stone. The stone hits the killer bee!
You kill the killer bee!
You feel very sick. The killer bee stings you!
* * * LOW HITPOINT WARNING * * *
The killer bee stings you.
* * * LOW HITPOINT WARNING * * *
Your Fighting skill increases to level 4!
You are too injured to fight recklessly!
You are too injured to fight recklessly!
You are too injured to fight recklessly!
You are too injured to fight recklessly!
Unknown command.
Fire: 106 stones
Press: ? - help, Q - select action, (/) - cycle Shift-Dir - straight line, f - killer bee
Aim: a killer bee (36% to hit)
You shoot a stone.
The stone closely misses the killer bee.
The killer bee buzzes angrily.
* * * LOW HITPOINT WARNING * * *
You feel very sick. The killer bee barely misses you.
The killer bee closely misses you.
Fire: 105 stones
Press: ? - help, Q - select action, (/) - cycle Shift-Dir - straight line, f/p - killer bee
Aim: a killer bee (36% to hit)
You shoot a stone. The stone misses the killer bee.
* * * LOW HITPOINT WARNING * * *
You feel sick. The killer bee barely misses you. The killer bee stings you.
You die...

#...#
#...#
#...#
#...#
#...#
#...#
#...#
#...#
#@y.#
#yy.#
#..(#
#...#
#y...
#.....
#......
#(......


You could see 4 killer bees.

Vanquished Creatures
  A killer bee (D:7)
  4 gnolls (D:3)
  An adder (D:2)
  2 worms
  3 dart slugs
  4 orcs
  7 bats
  3 endoplasms
  2 giant cockroaches (D:3)
  9 goblins
  4 hobgoblins
  3 quokkas
  3 ball pythons
  6 frilled lizards
  5 kobolds
  6 rats
63 creatures vanquished.

Notes
Turn   | Place    | Note
-------+----------+-------------------------------------------
     0 | D:1      | buhh the Formicid Hunter began the quest for the Orb.
     0 | D:1      | Reached XP level 1. HP: 16/16 MP: 1/1
   215 | D:1      | Reached XP level 2. HP: 11/23 MP: 2/2
   421 | D:1      | Found a faded altar of an unknown god.
  1338 | D:1      | Reached XP level 3. HP: 28/28 MP: 3/3
  2265 | D:2      | Reached skill level 5 in Slings
  2265 | D:2      | Reached XP level 4. HP: 35/35 MP: 4/4
  2973 | D:3      | Reached XP level 5. HP: 19/42 MP: 5/5
  3180 | D:3      | Found a broken altar of Ashenzari.
  3967 | D:4      | You fall into a shaft and drop 3 floors!
  3980 | D:7      | Slain by a killer bee

Illustrated notes

Levels and vault maps discovered:
D:1:      sevenhm_arrival_forest_fort_large_2, layout_basic,
          ebering_ecumenical_altar_petrified
D:2:      layout_loops_corners, amethyst_killhole
D:3:      layout_basic, mainiacjoe_overflow_boulevard
D:4:      layout_rooms, uniq_blork_the_orc, uniq_robin
D:7:      layout_gridville, glass_columns_c, minmay_manual_maat, uniq_pikel

Skill      XL: |  1  2  3  4  5 |
---------------+----------------+-----
Dodging        | 2 |  2.0
Stealth        | 2 |  2.3
Fighting       | 3 4 |  4.2
Slings         | 5 |  5.8

Action                   |  1- 3 |  4- 6 || total
-------------------------+-------+-------++-------
Melee: Short sword       |    62 |       ||    62
       Punch             |     1 |       ||     1
 Fire: Hunting sling     |    61 |    77 ||   138
Throw: Stone             |    33 |       ||    33
  Use: Potion            |       |     1 ||     1
       Scroll            |       |     4 ||     4
Armor: Leather armour    |    26 |     3 ||    29
Dodge: Dodged            |    59 |    22 ||    81
